 Dungeon Crawl Stone Soup version 0.29-a0-384-g6960b1960d (webtiles) character file.

Game seed: 13649243716736270182

41 jlumianski the Skirmisher (level 3, 0/29 HPs)
             Began as a Demonspawn Fighter on May 7, 2022.
             Slain by a gnoll
             ... wielding a +0 halberd
              (14 damage)
             ... on level 1 of the Dungeon.
             The game lasted 00:03:10 (1598 turns).

jlumianski the Skirmisher (Demonspawn Fighter)      Turns: 1598, Time: 00:03:11

Health: 0/29       AC:  6    Str: 18    XL:     3   Next: 32%
Magic:  3/3        EV:  9    Int:  9    God:
Gold:   88         SH:  4    Dex: 12    Spells: 2/2 levels left

rFire   . . .      SeeInvis .   a - +0 war axe
rCold   . . .      Faith    .   c - +0 buckler
rNeg    . . .      Spirit   .   b - +0 scale mail
rPois   .          Reflect  .   i - +0 hat
rElec   .          Harm     .   (no cloak)
rCorr   .          Rampage  .   (no gloves)
Will    .....                   (no boots)
Stlth   ..........              (no amulet)
HPRegen 0.09/turn               (no ring)
MPRegen 0.16/turn               (no ring)

@: no status effects
A: hooves 1, magic regeneration
a: no special abilities


You were on level 1 of the Dungeon.
You visited 1 branch of the dungeon, and saw 2 of its levels.

You collected 88 gold pieces.

Inventory:

Hand Weapons
 a - a +0 war axe (weapon)
Missiles
 e - 65 stones (quivered)
Armour
 b - a +0 scale mail (worn)
 c - a +0 buckler (worn)
 i - a +0 hat (worn)
Scrolls
 f - a scroll of immolation {unknown}
 j - a scroll of fear {unknown}
 l - a scroll of poison {unknown}
 m - a scroll of noise {unknown}
Potions
 d - a potion of might
 g - a potion of brilliance {unknown}
 h - 2 potions of mutation {unknown}
 k - a potion of heal wounds {unknown}


   Skills:
 + Level 3.6 Fighting
 + Level 2.2 Axes
 + Level 3.0 Armour
 + Level 2.9 Shields


You had 2 spell levels left.
You didn't know any spells.
Your spell library contained the following spells:

 Spells                   Type           Power      Damage    Failure   Level
 Blink                    Tloc           0%         N/A       94%         2
 Manifold Assault         Tloc           0%         N/A       100%        5
 Storm Form               Tmut/Air       0%         N/A       100%        7


Dungeon Overview and Level Annotations

Branches:
Dungeon (2/15)

Altars:


Innate Abilities, Weirdness & Mutations

You have large cloven feet.
You regenerate magic rapidly.


Message History

Where to? (? - help)
What level of the Dungeon? (default 1, ? - help)
There is a stone staircase leading down here.
You climb downwards.
Found 6 gold pieces.
There is a stone staircase leading up here.
A kobold is nearby!
You barely miss the kobold. Your kick misses the kobold.
The kobold hits you with a +0 short sword.
You barely miss the kobold. Your kick misses the kobold.
The kobold hits you with a +0 short sword.
You barely miss the kobold. The kobold hits you but does no damage.
You block the kobold's attack.
You closely miss the kobold. Your kick misses the kobold.
The kobold hits you but does no damage.
You hit the kobold.
You kill the kobold!
Things that are here:
a +0 short sword; a kobold corpse A gnoll comes into view.
It is wielding a +0 halberd.
The gnoll shouts!
An adder comes into view.
There is a stone staircase leading up here.
You climb upwards.
There is a stone staircase leading down here.
You start waiting.
Done waiting.
You climb downwards.
The gnoll shouts!
You hear a shout!
A gnoll comes into view. It is wielding a +0 flail.
There is a stone staircase leading up here.
You block the gnoll's attack.
There is a stone staircase leading up here.
The gnoll hits you with a +0 halberd.
You climb upwards.
There is a stone staircase leading down here.
The gnoll attacks as you move away! The gnoll hits you with a +0 halberd.
The gnoll hits you from afar with a +0 halberd!
The gnoll hits you with a +0 halberd!
You die...

.#≈♣P≈≈≈≈≈≈≈≈≈≈≈≈P≈≈≈♣≈≈≈♣♣####.#
.##♣≈≈≈≈≈≈≈≈≈P≈≈≈≈≈≈♣≈P♣≈♣# #.#
..÷..♣≈≈≈≈≈≈≈≈P≈≈≈≈P♣PP♣≈≈#####.#
.###.#♣≈♣♣P♣♣≈♣≈≈♣♣≈♣♣♣.#.#..>..#
.# #.##..#♣≈♣♣P♣≈≈P#.##.#.#.#####
####.###.######.#####...#.#.#
###...##....####.....####†#.#
................g>#.).....#.#
..#...##.#...###@...#######.#
.###.###.#...# #.#.## #.# ## #.#
#.#...# #.#.# #.# ####.#
#.#...###.#.########.# †....#
#.#..................#
)....###...........##########
..♣..............###
.♣_♣........###### ..♣...####.##


You could see a gnoll.

Vanquished Creatures
  A gnoll (D:1)
  A dart slug (D:1)
  2 endoplasms (D:1)
  2 giant cockroaches (D:1)
  2 goblins (D:1)
  6 jackals (D:1)
  A kobold (D:2)
  A quokka (D:1)
  5 ball pythons (D:1)
  4 bats (D:1)
  3 rats (D:1)
28 creatures vanquished.

Vanquished Creatures (others)
  5 plants (D:1)
5 creatures vanquished.

Grand Total: 33 creatures vanquished

Notes
Turn   | Place    | Note
-------+----------+-------------------------------------------
     0 | D:1      | jlumianski the Demonspawn Fighter began the quest for the
                  | Orb.
     0 | D:1      | Reached XP level 1. HP: 18/18 MP: 1/1
   399 | D:1      | Gained mutation: You have large cloven feet. [demonic
                  | ancestry]
   399 | D:1      | Reached XP level 2. HP: 21/24 MP: 2/2
   863 | D:1      | Gained mutation: You regenerate magic rapidly. [demonic
                  | ancestry]
   863 | D:1      | Reached XP level 3. HP: 25/29 MP: 3/3
  1002 | D:1      | Found a faded altar of an unknown god.
  1598 | D:1      | Slain by a gnoll

Illustrated notes

Levels and vault maps discovered:
D:1:      matt_arrival_spirals, layout_loops_ring,
          chequers_ecumenical_altar_simple, serial_bayou_lake_a
D:2:      layout_basic, uniq_crazy_yiuf_cottage, uniq_sigmund

Skill      XL: |  1  2 |
---------------+-------+-----
Axes           | 2 |  2.2
Armour         | 3 |  3.0
Fighting       | |  3.6
Shields        | |  2.9

Action                   || total
-------------------------++-------
Melee: War axe           ||    74
       Kick              ||    10
Armor: Scale mail        ||    46
Dodge: Dodged            ||    49
Block: Buckler           ||    25

Table legend: (Time is in decaauts)
 A = Elapsed time spent in this place.
 B = Non-inter-level travel time spent in this place.
 C = Inter-level travel time spent in this place.
 D = Time resting spent in this place.
 E = Time spent auto-exploring this place.
 F = Levels seen in this place.
 G = Mean time per level.
                   A        B        C        D        E       F      G
               +--------+--------+--------+--------+--------+-----+--------+
         Total |   1679 |   1666 |     13 |    221 |    996 |   2 |  839.5 |
       Dungeon |   1679 |   1666 |     13 |    221 |    996 |   2 |  839.5 |
               +--------+--------+--------+--------+--------+-----+--------+

Top non-repeatable levels by time:
     D:1: 1606 daAuts
     D:2: 73 daAuts
